Map: Prion Terraces

Players

ILLBdA - Winner!

  • Race: Protoss Protoss
  • League: Diamond

홍준기

  • Race: Zerg Zerg
  • League: Diamond

VOD

Have the link to the VOD?

Description

Time

  • Played on: Dec. 16, 2015, 10:39 a.m.
  • Length: 14:13
Show
View Real Time Build Order
Export as new Build Order

ILLBdA Protoss - Winner!

Build Orders:  

Get SALT Encoding   

  12  0:01  Probe (Chrono Boost)  
  13  0:13  Probe (Chrono Boost)  
  14  0:18  Pylon  
  14  0:24  Probe (Chrono Boost)  
  15  0:37  Probe (Chrono Boost)  
  15  0:38  Forge  
  16  0:47  Probe (Chrono Boost)  
  17  0:58  Probe (Chrono Boost)  
  18  1:15  Pylon  
  18  1:17  Pylon  
  18  1:19  Pylon  
  18  1:20  Pylon  
  18  1:24  Probe (Chrono Boost)  
  19  1:29  Pylon  
  19  1:35  Photon Cannon  
  19  1:48  Photon Cannon  
  19  2:01  Photon Cannon  
  18  2:15  Probe (Chrono Boost)  
  19  2:16  Pylon  
  19  2:35  Probe (Chrono Boost)  
  19  2:44  Nexus  
  19  2:46  Probe (Chrono Boost)  
  19  2:47  Gateway  
  19  2:48  Pylon  
  20  2:54  Photon Cannon  
  20  2:56  Probe (Chrono Boost)  
  20  2:57  Photon Cannon  
  21  2:59  Assimilator  
  21  3:02  Pylon  
  21  3:07  Probe (Chrono Boost)  
  22  3:18  Probe (Chrono Boost)  
  18  3:28  Probe (Chrono Boost)  
  19  3:34  Cybernetics Core  
  19  3:39  Probe (Chrono Boost)  
  20  3:41  Pylon  
  20  3:50  Probe (Chrono Boost)  
  20  3:51  Assimilator  
  21  4:01  Probe (Chrono Boost)  
  22  4:10  Adept (Chrono Boost)  
  22  4:12  Probe  
  25  4:25  Mothership Core (Chrono Boost)  
  27  4:33  Pylon  
  27  4:35  Adept, Pylon  
  27  4:36  Pylon  
  28  5:00  Nexus  
  28  5:03  Sentry  
  30  5:08  Pylon  
  30  5:13  Pylon  
  30  5:27  Gateway  
  30  5:29  Sentry  
  32  5:36  Probe (Chrono Boost)  
  29  5:55  Sentry  
  30  6:11  Probe (Chrono Boost)  
  31  6:12  Probe (Chrono Boost)  
  34  6:21  Stalker, Probe (Chrono Boost)  
  34  6:23  Probe (Chrono Boost)  
  34  6:24  Stargate  
  36  6:28  Sentry  
  36  6:32  Probe (Chrono Boost)  
  39  6:33  Probe (Chrono Boost)  
  40  6:40  Photon Cannon  
  40  6:42  Probe (Chrono Boost)  
  40  6:44  Probe (Chrono Boost)  
  42  6:53  Probe (Chrono Boost)  
  43  6:55  Probe (Chrono Boost)  
  44  7:03  Probe (Chrono Boost)  
  44  7:04  Probe (Chrono Boost)  
  44  7:05  Assimilator  
  44  7:07  Void Ray (Chrono Boost)  
  50  7:09  Assimilator  
  50  7:14  Probe x2  
  52  7:24  Probe  
  52  7:27  Probe, Stargate  
  54  7:35  Probe  
  55  7:38  Warp Gate (Chrono Boost)  
  55  7:39  Probe  
  56  7:45  Probe  
  56  7:47  Phoenix  
  56  7:51  Probe  
  60  7:56  Gateway  
  60  7:58  Gateway, Probe  
  61  8:11  Phoenix (Chrono Boost)  
  63  8:13  Phoenix (Chrono Boost)  
  63  8:17  Probe  
  66  8:23  Probe  
  67  8:33  Phoenix (Chrono Boost)  
  69  8:35  Phoenix (Chrono Boost)  
  71  8:55  Phoenix (Chrono Boost)  
  73  8:57  Phoenix (Chrono Boost)  
  73  9:01  Pylon  
  71  9:10  Pylon  
  73  9:17  Stalker x2, Phoenix (Chrono Boost)  
  73  9:18  Phoenix (Chrono Boost)  
  81  9:38  Phoenix (Chrono Boost)  
  81  9:51  Twilight Council  
  81  9:52  Phoenix (Chrono Boost)  
  83  9:58  Adept x4  
  91  10:00  Phoenix (Chrono Boost)  
  89  10:15  Phoenix (Chrono Boost)  
  89  10:20  Phoenix (Chrono Boost)  
  91  10:29  Blink (Chrono Boost)  
  91  10:37  Phoenix  
  91  10:38  Probe  
  91  10:40  Phoenix  
  94  10:45  Zealot x2  
  94  10:46  Zealot  
  102  10:53  Pylon x2  
  102  10:54  Nexus  
  102  10:55  Pylon  
  102  10:57  Pylon  
  102  11:02  Phoenix  
  96  11:05  Phoenix  
  98  11:15  Adept  
  98  11:16  Adept x2  
  105  11:18  Probe  
  105  11:23  Pylon  
  105  11:26  Phoenix (Chrono Boost)  
  105  11:30  Adept  
  109  11:36  Stalker  
  111  11:44  Photon Cannon  
  111  11:45  Oracle (Chrono Boost)  
  114  11:50  Stalker  
  116  12:00  Phoenix (Chrono Boost)  
  103  12:15  Stalker x2  
  103  12:16  Stalker x2  
  111  12:23  Phoenix (Chrono Boost)  
  113  12:39  Phoenix  
  113  12:49  Phoenix  
  113  12:53  Assimilator  
  113  12:54  Probe  
  113  12:57  Assimilator  
  113  13:02  Pylon  
  113  13:04  Phoenix  
  113  13:16  Phoenix  
  113  13:29  Phoenix  
  113  13:41  Phoenix  
Show
View Real Time Build Order
Export as new Build Order

홍준기 Zerg 

Build Orders: Hatch First 

Get SALT Encoding   

  12  0:01  Drone  
  13  0:12  Overlord  
  13  0:19  Drone  
  14  0:30  Drone x2  
  16  0:36  Drone  
  17  0:53  Hatchery  
  17  0:55  Drone  
  17  1:03  Drone  
  18  1:05  Extractor  
  18  1:11  Drone  
  18  1:19  Spawning Pool  
  17  1:27  Drone  
  18  1:44  Drone  
  18  1:45  Overlord  
  18  2:08  Zergling x4  
  18  2:09  Queen  
  21  2:19  Spine Crawler  
  21  2:22  Zergling x4  
  22  2:23  Zergling x4  
  24  2:39  Drone  
  25  2:48  Drone  
  24  3:06  Hatchery  
  24  3:12  Zergling x4  
  23  3:26  Drone x2  
  23  3:27  Drone x2  
  25  3:39  Roach Warren  
  25  3:40  Drone  
  25  3:48  Drone  
  26  3:58  Overlord  
  26  3:59  Drone  
  26  4:00  Drone x2  
  29  4:18  Queen  
  29  4:20  Roach  
  29  4:21  Roach  
  35  4:26  Roach  
  35  4:29  Roach  
  35  4:30  Roach x2  
  43  4:33  Overlord  
  43  4:54  Roach  
  43  4:55  Roach x3  
  51  5:06  Drone  
  52  5:08  Overlord  
  52  5:11  Lair  
  52  5:14  Extractor  
  51  5:17  Spine Crawler  
  50  5:26  Drone x5  
  54  5:31  Extractor  
  46  5:51  Drone x6  
  46  5:55  Extractor  
  41  6:14  Drone  
  41  6:15  Drone x2  
  41  6:16  Spire  
  41  6:22  Zergling x2  
  41  6:23  Zergling x6  
  45  6:31  Hatchery  
  44  6:34  Roach, Zergling x2  
  47  6:42  Roach x2, Zergling x4  
  53  6:49  Drone  
  53  6:50  Drone x2  
  56  6:55  Drone x2  
  57  7:14  Drone x2, Zergling x4  
  57  7:15  Zergling x2  
  60  7:18  Overlord x4  
  58  7:24  Hatchery  
  57  7:30  Mutalisk  
  57  7:32  Zerg Flyer Weapons Level 1  
  59  7:45  Mutalisk x4  
  66  7:56  Mutalisk x3  
  72  7:58  Zergling x2  
  72  7:59  Zergling x4  
  72  8:03  Metabolic Boost  
  75  8:12  Spore Crawler  
  74  8:14  Mutalisk  
  74  8:15  Zergling x2  
  74  8:16  Zergling x4  
  79  8:32  Drone x5  
  79  8:33  Drone x6, Hydralisk Den  
  87  8:53  Drone x8  
  95  8:56  Extractor, Queen  
  95  8:57  Overlord, Extractor  
  95  8:58  Overlord x2  
  95  9:08  Glial Reconstitution  
  95  9:10  Muscular Augments  
  95  9:17  Evolution Chamber  
  95  9:18  Hydralisk x5  
  95  9:19  Hydralisk  
  106  9:24  Hydralisk  
  106  9:25  Hydralisk  
  110  9:38  Spore Crawler  
  105  9:39  Spore Crawler  
  105  9:40  Mutalisk  
  105  9:41  Mutalisk  
  106  9:53  Overseer  
  106  9:59  Zerg Missile Weapons Level 1  
  106  10:05  Overlord x3  
  100  10:12  Hydralisk  
  100  10:13  Hydralisk x8  
  92  10:28  Hydralisk  
  92  10:29  Hydralisk x3  
  100  10:41  Drone x3  
  100  10:42  Drone x4  
  108  10:50  Ravager x3  
  108  10:51  Hatchery  
  98  11:06  Hydralisk x3  
  98  11:07  Hydralisk x5  
  114  11:21  Overseer  
  114  11:27  Hydralisk x2  
  114  11:30  Overlord x2  
  118  11:38  Infestation Pit  
  117  11:40  Evolution Chamber, Hydralisk  
  118  11:49  Drone x5  
  122  11:57  Hydralisk x3  
  114  12:11  Hydralisk x4  
  114  12:12  Hydralisk  
  97  12:16  Hydralisk x6  
  101  12:29  Hydralisk x2, Roach  
  111  12:30  Roach x3  
Tags
 
Matchup
PvZ
Replay Pack
me
Add a new tag
Caveats
  • Supply blocks, unpowered buildings, or Contaminate may cause inaccurate times.
  • Supply counts are checked every 10 seconds.